 Dungeon Crawl Stone Soup version 0.29.1-15-g9cfb28693d (webtiles) character file.

Game seed: 2296283447310576712

430 Smoke131 the Firebug (level 6, -15/45 HPs)
             Began as a Draconian Fire Elementalist on Feb 26, 2023.
             Was an Initiate of Vehumet.
             Demolished by an orc warrior
             ... wielding a +0 dire flail
              (18 damage)
             ... on level 4 of the Dungeon.
             The game lasted 00:10:07 (3614 turns).

Smoke131 the Firebug (Draconian Fire Elementalist)  Turns: 3614, Time: 00:10:08

Health: -15/45     AC:  6    Str: 10    XL:     6   Next: 66%
Magic:  0/11       EV: 12    Int: 24    God:    Vehumet [......]
Gold:   194        SH:  0    Dex: 11    Spells: 9/12 levels left

rFire   . . .      SeeInvis .   d - +1 spear
rCold   . . .      Faith    .   (no shield)
rNeg    . . .      Spirit   .   (body armour unavailable)
rPois   .          Reflect  .   (helmet restricted)
rElec   .          Harm     .   (no cloak)
rCorr   .          Rampage  .   (no gloves)
Will    .....                   (no boots)
Stlth   ++........              c - amulet of regeneration
HPRegen 0.95/turn               g - +6 ring of intelligence
MPRegen 0.12/turn               (no ring)

@: no status effects
A: AC +6, unfitting armour, cold-blooded
a: Renounce Religion


You were on level 4 of the Dungeon.
You worshipped Vehumet.
Vehumet was noncommittal.
You visited 2 branches of the dungeon, and saw 5 of its levels.

You collected 194 gold pieces.

Inventory:

Hand Weapons
 d - a +1 spear (weapon)
Jewellery
 c - an amulet of regeneration (around neck)
 g - a +6 ring of intelligence (left hand)
Wands
 n - a wand of flame (2)
Scrolls
 b - a scroll of silence {unknown}
 e - 2 scrolls of identify
 h - 2 scrolls of butterflies {unknown}
 j - a scroll of amnesia {unknown}
 l - a scroll of immolation {unknown}
 p - a scroll of teleportation {unknown}
 q - a scroll of enchant armour {unknown}
Potions
 a - 3 potions of magic
 f - 2 potions of curing
 k - a potion of flight
 m - a potion of might
 o - 3 potions of resistance


   Skills:
 + Level 3.5 Dodging
 - Level 1.7 Stealth
 + Level 3.7 Spellcasting
 + Level 3.4 Conjurations
 + Level 4.5 Fire Magic


You had 9 spell levels left.
You knew the following spells:

 Your Spells              Type           Power      Damage    Failure   Level
a - Foxfire               Conj/Fire      92%        2x1d8     1%          1
b - Scorch                Fire           52%        2d7       2%          2

Your spell library contained the following spells:

 Spells                   Type           Power      Damage    Failure   Level
 Conjure Flame            Conj/Fire      23%        6-21      6%          3
 Inner Flame              Hex/Fire       15%        N/A       12%         3
 Flame Wave               Conj/Fire      23%        2d8       19%         4


Dungeon Overview and Level Annotations

Branches:
Dungeon (4/15)             Temple (1/1) D:4

Altars:
Ashenzari
Cheibriados
Ru
Sif Muna
Uskayaw
Vehumet

Shops:
D:3 (


Innate Abilities, Weirdness & Mutations

Your plain brown scales are hard. (AC +6)
You cannot fit into any form of body armour.
You are cold-blooded and may be slowed by cold attacks.


Message History

The orc warrior barely misses you.
The iguana hisses menacingly.
Aiming: Throw Flame
Press: ? - help, Shift-Dir - straight line, f/p - orc warrior
Aim: an orc warrior, wielding a +0 dire flail and wearing a +0 chain mail (severely wounded, 64% to hit)
The puff of flame misses the orc warrior.
The puff of flame hits the iguana!
The iguana is severely wounded.
The orc warrior hits you with a +0 dire flail!
* * * LOW HITPOINT WARNING * * *
You feel much better.
The orc warrior hits you with a +0 dire flail!
Aiming: Throw Flame
Press: ? - help, Shift-Dir - straight line, f/p - orc warrior
Aim: an orc warrior, wielding a +0 dire flail and wearing a +0 chain mail (severely wounded, 64% to hit)
The puff of flame hits the orc warrior but does no damage.
The orc warrior is severely wounded.
The orc warrior hits you with a +0 dire flail!
* * * LOW HITPOINT WARNING * * *
Casting: Scorch (safe; 2% risk of failure)
Confirm with . or Enter, or press ? or * to list all spells.
Flames lash the iguana.
The iguana is almost dead.
The iguana's fire resistance burns away.
The orc warrior hits you with a +0 dire flail.
* * * LOW HITPOINT WARNING * * *
Casting: Scorch (safe; 2% risk of failure)
Confirm with . or Enter, or press ? or * to list all spells.
Flames lash the orc warrior.
The orc warrior is almost dead.
The orc warrior's fire resistance burns away.
The orc warrior hits you with a +0 dire flail!
* * * LOW HITPOINT WARNING * * *
Aiming: Throw Flame
Press: ? - help, Shift-Dir - straight line, f/p - orc warrior
Aim: an orc warrior, wielding a +0 dire flail and wearing a +0 chain mail (almost dead, more vulnerable to fire, 64% to hit)
The puff of flame hits the orc warrior.
The orc warrior is burned terribly!
The orc warrior is almost dead.
The orc warrior hits you with a +0 dire flail!!
You die...

#.##############.##...## ..#
..# #.##....###.. ###
#.####...#∩# #.# ##.).##
########## #.# ##...#
.#.8.#...# #.# ##....#
......##.# #l# ##.:_#
#8.>.8##.# #o# #..#
#.....##.# #@# ###
##.8(###.# #.##########
.###.###)# #........... .#
#..##.# ####.).######## .#
##..#.## ##.............#
.#####....###..)#........#.#
....†.........#<..†.####.#.#
...####...###...#...# #w#.##
##.# ##.## ##.##.#.#
#....#####


You could see an orc warrior (combustible) and an iguana (combustible).

Vanquished Creatures
  A black bear (D:4)
  A scorpion (D:4)
  A jelly (D:4)
  Terence (D:3)
  3 orc wizards
  6 adders
  A white imp (D:4)
  The ghost of F1ng0rz the Shooter, a weakling FoHu (D:3)
  4 dart slugs
  5 orcs
  7 endoplasms
  7 giant cockroaches
  3 goblins
  11 hobgoblins
  8 kobolds
  2 quokkas (D:2)
  6 ball pythons
  2 bats
  A frilled lizard (D:2)
  4 rats
75 creatures vanquished.

Vanquished Creatures (others)
  110 foxfires
110 creatures vanquished.

Grand Total: 185 creatures vanquished

Notes
Turn   | Place    | Note
-------+----------+-------------------------------------------
     0 | D:1      | Smoke131 the Draconian Fire Elementalist began the quest
                  | for the Orb.
     0 | D:1      | Reached XP level 1. HP: 14/14 MP: 3/3
   150 | D:1      | Found a faded altar of an unknown god.
   301 | D:1      | Reached XP level 2. HP: 17/20 MP: 1/5
   751 | D:2      | Reached XP level 3. HP: 26/26 MP: 2/6
  1512 | D:2      | Reached XP level 4. HP: 33/33 MP: 7/7
  1862 | D:2      | Learned a level 2 spell: Scorch
  2107 | D:3      | Found Bagu Ops's Antique Weapon Emporium.
  2163 | D:3      | Found a runed translucent gate.
  2164 | D:3      | Found a runed translucent gate.
  2165 | D:3      | Found a runed translucent gate.
  2168 | D:3      | Noticed F1ng0rz's ghost (weakling FoHu)
  2173 | D:3      | Killed F1ng0rz's ghost
  2174 | D:3      | Reached XP level 5. HP: 38/38 MP: 4/9
  2501 | D:3      | Noticed Terence
  2505 | D:3      | Killed Terence
  2851 | D:4      | Reached skill level 4 in Fire Magic
  3145 | D:4      | Reached XP level 6. HP: 45/45 MP: 11/11
  3148 | D:4      | Found a staircase to the Ecumenical Temple.
  3157 | Temple   | Entered the Ecumenical Temple
  3202 | Temple   | Became a worshipper of Vehumet
  3567 | D:4      | Found a shimmering blue altar of Sif Muna.
  3572 | D:4      | Noticed an orc warrior
  3613 | D:4      | HP: 2/45 [orc warrior/+0 dire flail (10)]
  3614 | D:4      | Demolished by an orc warrior

Illustrated notes

Levels and vault maps discovered:
D:1:      dreamdust_arrival_beginning_and_end, layout_rooms,
          shapermc_ecumenical_altar_mp_highgroup
D:2:      layout_loops_cross
D:3:      cheibrodos_helix_gallery, layout_loops_cross, serial_shops,
          nicolae_shop_waterfront, ebering_ghost_rock_garden, uniq_terence
D:4:      layout_loops_ring, nzn_overflow_gifts_of_might_and_magic,
          minmay_temple_entry_statues_pillars
Temple:   nicolae_temple_slightly_damp_pantheon

Skill      XL: |  1  2  3  4  5  6 |
---------------+-------------------+-----
Dodging        | 2 3 |  3.5
Conjurations   | 2 3 |  3.4
Spellcasting   | 3 |  3.7
Fire Magic     | 4 |  4.5
Stealth        | |  1.7

Action                   |  1- 3 |  4- 6 || total
-------------------------+-------+-------++-------
Melee: Dagger            |     6 |       ||     6
       Tailslap          |     6 |     7 ||    13
       Spear             |    36 |    63 ||    99
       Punch             |     1 |       ||     1
 Cast: Foxfire           |    50 |    20 ||    70
       Scorch            |       |    35 ||    35
Evoke: Wand              |       |    12 ||    12
  Use: Scroll            |       |     7 ||     7
       Potion            |       |     3 ||     3
 Stab: Sleeping          |     3 |       ||     3
Armor: Skin              |    31 |    22 ||    53
Dodge: Dodged            |    38 |    67 ||   105
